 Dungeon Crawl Stone Soup version 0.30.1-3-gfc49f6343a (webtiles) character file.

Game seed: 14105240718495181783

12403 Pooter the Cleaver (level 11, -11/97 HPs)
             Began as a Minotaur Berserker on Aug 9, 2023.
             Was a Priest of Trog.
             Mangled by a death yak simulacrum (16 damage)
             ... in an ice cave.
             The game lasted 00:59:12 (14486 turns).

Pooter the Cleaver (Minotaur Berserker)            Turns: 14486, Time: 00:59:13

Health: -11/97     AC: 13    Str: 30    XL:     11   Next: 62%
Magic:  10/10      EV: 13    Int:  6    God:    Trog [***...]
Gold:   335        SH:  5    Dex: 10    Spells: 10/10 levels left

rFire   . . .        a - +1 dire flail (drain)
rCold   + . .        (shield currently unavailable)
rNeg    . . .        Z - +1 plate armour {rC+}
rPois   .            (helmet restricted)
rElec   .            (no cloak)
rCorr   .            Q - +0 pair of gloves
SInv    .            (no boots)
Will    .....        L - amulet of reflection Stlth
                     v - +6 ring of strength
HPRegen 0.36/turn    V - +5 ring of evasion
MPRegen 0.12/turn

%: reflection
@: marked, on berserk cooldown, slowed, very slow
A: horns 2, retaliatory headbutt
a: Renounce Religion, Berserk, Trog's Hand


You were in an ice cave.
You worshipped Trog.
Trog was most pleased with you.
You visited 1 branch of the dungeon, and saw 11 of its levels.
You also visited: Ice Cave.

You collected 485 gold pieces.
You spent 150 gold pieces at shops.

Inventory:

Hand Weapons
 a - a +1 dire flail of draining (weapon)
   (You took it off an orc warrior on level 10 of the Dungeon)
 b - a +0 sling
   (You found it on level 2 of the Dungeon)
 h - a +0 broad axe
   (You found it on level 8 of the Dungeon)
 l - a +1 battleaxe
   (You took it off a wight on level 8 of the Dungeon)
 G - a +0 morningstar
   (You found it on level 2 of the Dungeon)
 O - the +3 morningstar "Viskiaq" {flame, Contam rPois rN+ rCorr Int+3}
   (You found it on level 6 of the Dungeon)

   Int:       It affects your intelligence (+3).
   rPois:     It protects you from poison.
   rN:        It protects you from negative energy.
   Contam:    It causes magical contamination when unequipped.
   rCorr:     It protects you from acid and corrosion.
 S - a +4 trident of freezing
   (You took it off a wight on level 7 of the Dungeon)
 X - the +8 war axe of the Final Decision {venom, rF+++ rC- Str+2 SInv}
   (You found it on level 8 of the Dungeon)

   Str:       It affects your strength (+2).
   rF:        It renders you almost immune to fire.
   rC:        It makes you vulnerable to cold.
   SInv:      It lets you see invisible.
Missiles
 A - 22 boomerangs (quivered)
 M - a curare-tipped dart
 P - 6 poisoned darts
Armour
 m - a +1 plate armour
   (You found it on level 2 of the Dungeon)
 z - a +0 tower shield
   (You found it on level 4 of the Dungeon)
 I - the +1 chain mail of the Griffon {rPois Will++ Int-3 Dex+3}
   (You took it off an orc on level 5 of the Dungeon)

   Int:       It affects your intelligence (-3).
   Dex:       It affects your dexterity (+3).
   rPois:     It protects you from poison.
   Will:      It greatly increases your willpower.
 Q - a +0 pair of gloves (worn)
   (You found it in an ice cave)
 Z - a +1 plate armour of cold resistance (worn)
   (You found it in an ice cave)
Jewellery
 e - an amulet of the acrobat
   (You found it on level 1 of the Dungeon)
 v - a +6 ring of strength (left hand)
   (You found it on level 3 of the Dungeon)
 y - a ring of willpower
   (You found it on level 4 of the Dungeon)
 F - a ring of protection from fire
   (You found it on level 4 of the Dungeon)
 L - an amulet of reflection (around neck)
   (You found it on level 6 of the Dungeon)
 V - a +5 ring of evasion (right hand)
   (You found it on level 5 of the Dungeon)
Wands
 f - a wand of flame (17)
   (You found it on level 4 of the Dungeon)
 x - a wand of acid (6)
   (You found it in an ice cave)
 D - a wand of digging (6)
   (You took it off an orc on level 9 of the Dungeon)
 E - a wand of polymorph (3)
   (You found it on level 5 of the Dungeon)
 H - a wand of charming (7)
   (You found it on level 5 of the Dungeon)
 N - a wand of roots (34)
   (You found it on level 5 of the Dungeon)
Scrolls
 g - a scroll of silence
 j - 3 scrolls of fog
 o - 2 scrolls of noise {!r}
 r - a scroll of fear
 s - 2 scrolls of enchant armour
 t - 3 scrolls of teleportation {@r4}
 u - a scroll of magic mapping
 w - 2 scrolls of poison {!r}
 W - a scroll of immolation {unknown}
 Y - 2 scrolls of vulnerability {!r}
Potions
 c - 3 potions of lignification {!q}
 d - 2 potions of haste {@q3}
 i - a potion of ambrosia {unknown}
 k - a potion of cancellation {unknown}
 p - 3 potions of heal wounds {unknown}
 B - 5 potions of curing {@q1}
 C - 3 potions of berserk rage {unknown}
 J - a potion of flight {unknown}
 K - a potion of mutation {unknown}
 R - a potion of attraction {unknown}
 T - a potion of invisibility {unknown}
 U - a potion of degeneration {unknown}
Miscellaneous
 n - a piece from Xom's chessboard (15/15)
   (You found it on level 5 of the Dungeon)


   Skills:
 + Level 9.5 Fighting
 * Level 13.0 Axes
 * Level 11.2 Ranged Weapons
 - Level 4.9 Throwing
 - Level 2.4 Armour
 - Level 2.1 Dodging
 - Level 4.8 Stealth
 + Level 6.0 Shields


You had 10 spell levels left.
You didn't know any spells.
Your spell library was empty.

Dungeon Overview and Level Annotations

Branches:
Dungeon (11/15) Zot: 26800  Temple (0/1) D:6            Lair (0/5) D:11
  IceCv (1/1) Zot: 1316
    Orc: D:9-12

Altars:
Ashenzari
Dithmenos
Fedhas
Makhleb
Nemelex Xobeh
Trog
Uskayaw
Wu Jian
Xom
Yredelemnul

Shops:
D:4 ?   D:6 ?   D:7 =

Annotations:
D:3 2 transporters, gdog's ghost, amateur GnDe
D:6 3 runed translucent doors, middlethird's ghost, novice FoNe
D:8 2 transporters, sheffield53's ghost, novice MiBe IceCv exclusion: ice statue


Innate Abilities, Weirdness & Mutations

You have a pair of horns on your head.
You reflexively headbutt those who attack you in melee.


Message History

A sentinel's mark forms upon you.
The ice statue gestures.
You block the ice beast's attack.
The elephant simulacrum closely misses you.
You furiously retaliate!
You headbutt the elephant simulacrum.
The elephant simulacrum closely misses you.
The death yak simulacrum gores you but does no damage.
You hear a shout!
You completely miss the ice statue.
You headbutt the ice statue, but do no damage.
The death yak simulacrum gores you but does no damage.
The ice beast hits you but does no damage.
The elephant simulacrum tramples you but does no damage.
The elephant simulacrum barely misses you.
An ice devil comes into view.
A freezing wraith comes into view.
The ice statue gestures at you. The bolt of cold hits you! You resist.
The death yak simulacrum gores you but does no damage. x2
You hit the ice statue but do no damage.
The ice beast barely misses you.
An ice devil comes into view.
The ice statue gestures at you. The bolt of cold misses you.
The death yak simulacrum gores you.
* * * LOW HITPOINT WARNING * * *
The death yak simulacrum freezes you! You resist.
* * * LOW HITPOINT WARNING * * *
The death yak simulacrum closely misses you.
You furiously retaliate!
You headbutt the death yak simulacrum!
The ice beast hits you but does no damage.
You hit the ice statue but do no damage.
A necromancer comes into view. It is wielding a +0 dagger.
An ice devil comes into view.
The ice beast hits you but does no damage.
A death yak simulacrum comes into view.
The death yak simulacrum barely misses you.
You furiously retaliate!
You headbutt the death yak simulacrum! The death yak simulacrum gores you.
* * * LOW HITPOINT WARNING * * *
The death yak simulacrum freezes you! You resist.
* * * LOW HITPOINT WARNING * * *
The death yak simulacrum gores you.
* * * LOW HITPOINT WARNING * * *
The death yak simulacrum freezes you! You resist.
* * * LOW HITPOINT WARNING * * *
The ice beast barely misses you.
You barely miss the ice statue.
You headbutt the ice statue, but do no damage.
The ice statue gestures.
The ice beast closely misses you. The death yak simulacrum gores you!
You die...

## ..## ##...#
##...4..
###Z..Y#
##..ZYW#
#...@8Z#
##..ZZY.# ....
#..#...4# Z4..
##○##....# Z...
##☼.##..4pZ
#####8ZZ. #..##
#....###..#.Z4..
##..#
##.###§.○#4ZZ..
##.##
###.4#.44Z#
#..## #..#ZZ.##


You could see an ice statue, 3 ice devils, a freezing wraith, a necromancer, 3
ice beasts, 4 death yak simulacra, an elephant simulacrum and a polar bear
simulacrum.

Vanquished Creatures
  A two-headed ogre (D:9)
  An ugly thing (IceCv)
  Joseph (D:7)
  A komodo dragon (D:10)
  2 unseen horrors
  2 freezing wraiths (IceCv)
  An anaconda simulacrum (IceCv)
  8 ice devils (IceCv)
  A troll (D:10)
  A hornet (D:8)
  Grinder (D:5)
  A wraith (D:10)
  A shadow (D:9)
  A wyvern (D:10)
  A dire elephant simulacrum (IceCv)
  4 steam dragons
  A death yak simulacrum (IceCv)
  A harpy simulacrum (IceCv)
  Edmund (D:5)
  A hydra simulacrum (IceCv)
  An acid dragon (D:9)
  A water moccasin (D:7)
  3 ice beasts
  4 orc warriors
  2 black bears
  A sky beast (D:7)
  An ogre (D:5)
  2 centaurs
  3 phantoms
  3 kobold brigands
  3 scorpions
  2 cane toad simulacra (IceCv)
  2 bullfrogs
  A gnoll sergeant (D:10)
  A two-headed ogre simulacrum (IceCv)
  10 wights
  6 killer bees (D:10)
  5 elephant simulacra (IceCv)
  3 howler monkeys (D:10)
  An electric eel (D:10)
  9 crimson imps (D:10)
  2 hounds
  4 jellies
  2 gnoll boudas
  3 orc priests
  2 sleepcaps (D:5)
  3 iguanas
  10 orc wizards
  2 spriggan simulacra (IceCv)
  A polar bear simulacrum (IceCv)
  5 wolf simulacra (IceCv)
  12 gnolls
  11 adders
  A naga simulacrum (IceCv)
  14 white imps
  2 ufetubi
  A worm (D:5)
  6 dart slugs
  20 orcs
  5 ball pythons
  8 endoplasms
  6 giant cockroaches
  10 goblins
  7 hobgoblins
  A quokka (D:4)
  6 bats
  A frilled lizard (D:1)
  14 kobolds
  4 rats
259 creatures vanquished.

Vanquished Creatures (collateral kills)
  An ice devil (IceCv)
  A dire elephant simulacrum (IceCv)
  A centaur (D:8)
  A kobold (D:7)
4 creatures vanquished.

Vanquished Creatures (others)
  An orc (D:10)
  A kobold (D:7)
2 creatures vanquished.

Grand Total: 265 creatures vanquished

Notes
Turn   | Place    | Note
-------+----------+-------------------------------------------
     0 | D:1      | Pooter the Minotaur Berserker began the quest for the Orb.
     0 | D:1      | Reached XP level 1. HP: 19/19 MP: 0/0
    50 | D:1      | Found a faded altar of an unknown god.
    65 | D:1      | Reached XP level 2. HP: 27/27 MP: 1/1
    94 | D:1      | Reached skill level 4 in Axes
   244 | D:1      | Reached skill level 1 in Stealth
   435 | D:1      | Reached ** piety under Trog
   570 | D:1      | Reached XP level 3. HP: 33/33 MP: 2/2
  1665 | D:3      | Reached skill level 1 in Ranged Weapons
  1700 | D:3      | Reached XP level 4. HP: 39/40 MP: 3/3
  1722 | D:3      | Found a transporter.
  1738 | D:3      | Noticed gdog's ghost (amateur GnDe)
  1792 | D:3      | Found a transporter.
  1905 | D:3      | Noticed a phantom
  1914 | D:3      | Killed a phantom
  1915 | D:3      | Reached skill level 5 in Axes
  1915 | D:3      | Reached skill level 1 in Throwing
  1915 | D:3      | Reached XP level 5. HP: 46/47 MP: 4/4
  2268 | D:4      | Noticed a phantom
  2281 | D:4      | Killed a phantom
  2327 | D:4      | Found Feixic's Magic Scroll Boutique.
  2331 | D:4      | Bought a scroll of magic mapping for 90 gold pieces
  2331 | D:4      | Bought a scroll of noise for 12 gold pieces
  2342 | D:4      | Reached XP level 6. HP: 51/53 MP: 5/5
  2435 | D:4      | Noticed an ice beast
  2442 | D:4      | Killed an ice beast
  2442 | D:4      | Reached *** piety under Trog
  2443 | D:4      | Reached skill level 6 in Axes
  2928 | D:4      | Bought a scroll of fog for 48 gold pieces
  3395 | D:5      | Entered Level 5 of the Dungeon
  3403 | D:5      | Noticed Edmund
  3408 | D:5      | Killed Edmund
  3409 | D:5      | Reached skill level 5 in Fighting
  3409 | D:5      | Reached XP level 7. HP: 61/61 MP: 6/6
  3468 | D:5      | Found a sparkling altar of Nemelex Xobeh.
  3469 | D:5      | Found a shimmering altar of Xom.
  3946 | D:5      | Found an ornate altar of the Wu Jian Council.
  3977 | D:5      | Reached skill level 7 in Axes
  4186 | D:5      | Noticed Grinder
  4189 | D:5      | Paralysed by Grinder for 5 turns
  4206 | D:5      | Killed Grinder
  4207 | D:5      | Reached skill level 5 in Ranged Weapons
  4207 | D:5      | Reached XP level 8. HP: 56/70 MP: 7/7
  4865 | D:6      | Found Mittul Hanoch's Magic Scroll Emporium.
  4875 | D:6      | Identified the +1 chain mail of the Griffon {rPois Will++
                  | Int-3 Dex+3}
  5270 | D:6      | Found a staircase to the Ecumenical Temple.
  5340 | D:6      | Found a basalt altar of Yredelemnul.
  5439 | D:6      | Reached skill level 8 in Axes
  5508 | D:6      | Found a runed translucent gate.
  5526 | D:6      | Reached **** piety under Trog
  5538 | D:6      | Noticed middlethird's ghost (novice FoNe)
  5667 | D:6      | Found a runed translucent gate.
  5667 | D:6      | Found a runed translucent gate.
  5749 | D:6      | Identified the +3 morningstar "Viskiaq" {flame, Contam
                  | rPois rN+ rCorr Int+3}
  5847 | D:7      | Found Ypeac's Jewellery Shop.
  6004 | D:7      | Noticed Joseph
  6023 | D:7      | Reached XP level 9. HP: 78/78 MP: 8/8
  6023 | D:7      | Killed Joseph
  6087 | D:7      | Found a blossoming altar of Fedhas.
  6327 | D:7      | Reached skill level 9 in Axes
  6660 | D:7      | Identified the +0 leather armour of Narcissism {rElec rPois
                  | rF- rN+}
  7305 | D:8      | Noticed a two-headed ogre
  7306 | D:8      | Found a bloodstained altar of Trog.
  7306 | D:8      | Found a transporter.
  7306 | D:8      | Noticed sheffield53's ghost (novice MiBe)
  7307 | D:8      | Noticed a moth of wrath
  7412 | D:8      | Identified the +8 war axe of the Final Decision {venom,
                  | rF+++ rC- Str+2 SInv}
  7477 | D:8      | Found a transporter.
  7581 | D:8      | Reached skill level 1 in Shields
  7626 | D:8      | Reached skill level 10 in Axes
  7726 | D:8      | Reached XP level 10. HP: 84/84 MP: 9/9
  7776 | D:8      | You fall into a shaft and drop 2 floors!
  7776 | D:10     | Entered Level 10 of the Dungeon
  7955 | D:9      | Found a shadowy altar of Dithmenos.
  8169 | D:9      | Noticed a two-headed ogre
  8177 | D:9      | Killed a two-headed ogre
  8292 | D:9      | Found a burning altar of Makhleb.
  8509 | D:9      | Found a bloodstained altar of Trog.
  8813 | D:10     | Reached skill level 11 in Axes
  8939 | D:10     | Found a broken altar of Ashenzari.
  9045 | D:10     | Reached ***** piety under Trog
  9154 | D:10     | Noticed a +0 falchion
  9154 | D:10     | Noticed a +0 spear
  9155 | D:10     | Noticed a +0 spear
  9155 | D:10     | Noticed a +0 short sword
  9156 | D:10     | Noticed a +0 falchion
  9156 | D:10     | Noticed a +0 dagger
  9156 | D:10     | Noticed a +0 dagger
  9157 | D:10     | Noticed a +0 short sword
  9158 | D:10     | Found a hide-covered altar of Uskayaw.
  9200 | D:10     | Reached skill level 10 in Ranged Weapons
  9598 | D:11     | Noticed a death yak
  9598 | D:11     | Found a staircase to the Lair.
  9599 | D:11     | Noticed a death yak
  9600 | D:11     | Noticed a cyclops
  9705 | D:11     | Reached XP level 11. HP: 95/95 MP: 10/10
  9739 | D:11     | Found a frozen archway.
  9748 | D:11     | Received a gift from Trog
  9796 | IceCv    | Entered an ice cave
  9806 | IceCv    | Reached skill level 12 in Axes
 10874 | IceCv    | Noticed a white ugly thing
 10884 | IceCv    | Killed a white ugly thing
 10885 | IceCv    | Reached skill level 5 in Shields
 11485 | IceCv    | Found an ancient bone altar of Kikubaaqudgha.
 14106 | IceCv    | Reached skill level 13 in Axes
 14485 | IceCv    | Noticed a necromancer
 14485 | IceCv    | HP: 4/97 [death yak simulacrum (8)]
 14486 | IceCv    | Mangled by a death yak simulacrum

Illustrated notes

Levels and vault maps discovered:
D:1:      tarquinn_simple_flora_water_f, layout_rooms,
          dreamdust_ecumenical_altar_statues, minmay_pentomino_u2
D:2:      layout_loops_corners
D:3:      layout_loops_ring, gammafunk_ghost_stat_death, chequers_jeans
D:4:      layout_basic, serial_shops, shop, kennysheep_generic_room_5
D:5:      layout_basic, mainiacjoe_overflow_divided_tiny,
          nicolae_wu_jian_glorious_leap, hellmonk_bongcloud_opening,
          uniq_grinder, uniq_edmund
D:6:      layout_cave_pools, mainiacjoe_overflow_surrounded_room,
          minmay_temple_entry_sparse_star, gammafunk_ghost_icy, serial_shops,
          shop, skrybe_limestone_x, chequers_serial_rivers_micro_b
D:7:      layout_loops_ring, mainiacjoe_overflow_concentric_impassable,
          serial_shops, nicolae_stop_n_shop_2, uniq_joseph
D:8:      layout_basic, gammafunk_ghost_wrathful_warriors
D:9:      layout_irregular_city, grunt_dithmenos_smoke, trog_butcher_becter,
          nicolae_overflow_crystal_walls
D:10:     layout_loops_ring, mainiacjoe_overflow_boulevard,
          nicolae_uskayaw_en_pointe, hangedman_decor_lopped,
          nicolae_water_bricks, minmay_nine_imps
D:11:     minmay_razor_zed, layout_basic, dpeg_lair_monsters, hiddenorc2_lemuel,
          portal_ice_cave_entry_imps
IceCv:    ice_cave_small_necro

Skill      XL: |  1  2  3  4  5  6  7  8  9 10 11 |
---------------+----------------------------------+-----
Axes           | 4 5 6 7 8 10 11 13 | 13.0
Stealth        | 1 2 3 4 |  4.8
Fighting       | 4 5 6 7 8 9 |  9.5
Ranged Weapons | 1 2 3 5 6 8 10 11 | 11.2
Throwing       | 1 2 3 4 |  4.9
Shields        | 1 4 6 |  6.0
Armour         | |  2.4
Dodging        | |  2.1

Action                     |  1- 3 |  4- 6 |  7- 9 | 10-12 || total
---------------------------+-------+-------+-------+-------++-------
  Melee: Hand axe          |    66 |       |       |       ||    66
         Headbutt          |     9 |     8 |    32 |    53 ||   102
         Morningstar       |     8 |    62 |    65 |       ||   135
         Punch             |       |     1 |       |       ||     1
         War axe           |       |       |   133 |   148 ||   281
         Dire flail        |       |       |       |    81 ||    81
   Fire: Sling             |    34 |    14 |    45 |    18 ||   111
  Throw: Boomerang         |       |       |    21 |    62 ||    83
         Dart              |       |       |       |     2 ||     2
 Invoke: Berserk           |       |     1 |     6 |     4 ||    11
         Trog's Hand       |       |       |     3 |     7 ||    10
         Brothers in Arms  |       |       |       |     1 ||     1
  Evoke: Wand              |       |       |     4 |     4 ||     8
         Piece from Xom's  |       |       |     1 |     2 ||     3
    Use: Scroll            |     3 |     1 |     8 |     5 ||    17
         Potion            |       |       |       |     3 ||     3
 Armour: Animal skin       |    15 |       |       |       ||    15
         Plate armour      |    15 |    47 |    45 |    40 ||   147
         Chain mail        |       |       |    31 |    19 ||    50
  Dodge: Dodged            |    56 |    26 |    74 |    85 ||   241
  Block: Tower shield      |       |     1 |   145 |   140 ||   286
         Reflection        |       |       |     7 |     8 ||    15
         Other             |       |       |       |    14 ||    14
